Map: Dusk Towers

Players

LilDicky

  • Race: Terran Terran
  • League: Diamond

Storm - Winner!

  • Race: Protoss Protoss
  • League: Diamond

VOD

http://www.twitch.tv/tumescentpie

Description

Time

  • Played on: Dec. 7, 2015, 4:02 p.m.
  • Length: 15:36
Show
View Real Time Build Order
Export as new Build Order

LilDicky Terran 

Build Orders: MMM Bio 

Get SALT Encoding   

  12  0:01  SCV  
  13  0:13  SCV  
  14  0:18  Supply Depot  
  14  0:25  SCV  
  14  0:28  Refinery  
  15  0:39  SCV  
  16  0:45  Barracks  
  16  0:52  SCV  
  17  1:04  SCV  
  18  1:17  SCV  
  19  1:29  SCV  
  20  1:33  Supply Depot  
  20  1:34  Marine  
  20  1:39  Factory  
  21  1:44  Orbital Command  
  21  1:52  Marine  
  22  1:57  Barracks  
  22  2:06  Barracks  
  22  2:15  Barracks Reactor  
  22  2:19  SCV, Refinery  
  23  2:40  Widow Mine  
  25  2:44  SCV  
  25  2:45  Barracks Tech Lab  
  26  2:57  Barracks Tech Lab  
  26  2:58  Marine x2  
  26  3:00  SCV  
  28  3:07  Stimpack  
  28  3:09  Widow Mine  
  30  3:23  Combat Shields  
  30  3:24  Marine  
  31  3:30  Supply Depot, Marauder, Marine x2  
  35  3:36  SCV  
  36  3:42  Starport, Marine  
  37  3:54  Marauder x2, Marine  
  40  3:57  SCV  
  40  4:00  Marine  
  42  4:03  Supply Depot  
  40  4:17  Marauder  
  40  4:22  Marine  
  40  4:23  Marine  
  46  4:26  Medivac  
  46  4:29  Marauder  
  48  4:32  SCV  
  49  4:41  Marine, Marauder  
  49  4:43  Marine  
  53  4:48  SCV  
  53  4:50  Marine  
  55  5:00  Supply Depot  
  55  5:21  Marine x2  
  55  5:22  Hellion, Marauder  
  46  5:56  Marine x3  
  46  5:57  Marauder  
  44  6:14  Marine x3  
  48  6:18  Marauder  
  48  6:27  Medivac  
  48  6:31  Marine  
  49  6:34  Marine x2  
  47  6:57  Medivac  
  47  6:59  Barracks  
  49  7:01  Barracks  
  49  7:03  Marine x2  
  49  7:04  Command Center, Marauder  
  49  7:05  Marauder  
  55  7:12  SCV  
  56  7:16  Supply Depot  
  56  7:21  Marine x2  
  58  7:25  Marauder  
  58  7:26  Marine  
  58  7:29  SCV  
  62  7:39  Marine  
  62  7:41  Marine  
  62  7:43  Supply Depot  
  66  7:44  Marauder  
  66  7:47  Marauder  
  66  7:48  SCV, Marine  
  70  8:04  Medivac  
  72  8:07  Supply Depot  
  72  8:12  Marine x2  
  72  8:13  Marauder  
  72  8:14  Marauder  
  78  8:20  Orbital Command  
  78  8:24  SCV  
  79  8:34  Marine x2  
  79  8:36  Marine  
  39  9:44  Marine  
  39  9:45  Marauder, Marine  
  42  9:46  Marauder  
  42  9:47  Marine x2  
  42  9:51  SCV  
  42  9:52  SCV  
  46  10:02  Marine x2  
  46  10:04  SCV  
  55  10:07  Marauder x2  
  54  10:20  Barracks Reactor, Marine x2  
  54  10:21  Barracks Reactor, Orbital Command  
  55  10:23  SCV  
  55  10:24  Barracks  
  60  10:28  Marauder x2  
  60  10:29  Engineering Bay  
  60  10:32  Engineering Bay  
  60  10:38  Marine x2  
  60  10:39  SCV, Supply Depot  
  63  10:44  Medivac  
  63  10:49  Marine x2  
  67  10:52  SCV  
  67  10:55  Marine  
  67  10:56  Marine  
  70  10:58  Marine x2  
  70  10:59  Marine x2  
  70  11:01  Terran Infantry Weapons Level 1, Terran Infantry Armor Level 1  
  74  11:06  Armory  
  74  11:07  Marauder  
  74  11:08  Starport, Marauder  
  78  11:13  Marine  
  78  11:14  Medivac, Marine  
  82  11:18  Supply Depot  
  82  11:19  Marine x2  
  82  11:20  Marine  
  82  11:23  Barracks Tech Lab, Marine  
  86  11:28  Marine x2  
  88  11:33  Marine x2  
  90  11:42  SCV, Marine x2  
  93  11:49  Marine x3  
  93  11:50  Marine x2  
  93  11:51  Medivac x2, Marine  
  103  11:59  Supply Depot  
  103  12:00  Supply Depot  
  103  12:01  Marine  
  104  12:14  Marine x2  
  106  12:20  Marine  
  106  12:21  Marine x3  
  106  12:22  Marine  
  111  12:23  Marauder x2  
  115  12:32  Marine x2  
  114  12:40  Marauder  
  111  12:44  Marauder  
  111  12:49  Liberator  
  99  12:56  Marine x2  
  99  12:57  Marauder, Marine x2  
  103  12:59  Marine  
  103  13:01  Marine  
  103  13:02  Marauder  
  107  13:06  Marauder  
  112  13:14  Marine x2  
  112  13:15  Marine x2  
  112  13:17  Marine  
  112  13:18  Marauder  
  112  13:19  Marine  
  120  13:23  Marauder  
  120  13:25  SCV  
  123  13:27  Marauder  
  123  13:31  Marine  
  123  13:32  Marine x2  
  123  13:33  Marine  
  125  13:35  Marine  
  105  13:54  Marine x8  
  105  13:55  Marauder  
  76  14:11  Marine  
  76  14:12  Marine x2  
  76  14:13  Marauder x2  
  76  14:16  Marauder  
  85  14:17  Marine x2  
  85  14:19  Marine  
  88  14:28  Command Center  
  88  14:29  Marine  
  88  14:31  Refinery x2  
  89  14:32  Marine x2  
  89  14:33  Refinery x2, Marine  
  89  14:34  Marine  
  89  14:35  Marine x2  
  89  14:37  Supply Depot  
  95  14:38  Barracks  
  95  14:40  Barracks  
  95  14:48  Widow Mine  
  103  14:58  Marine x4  
  101  15:11  Marine x2  
  101  15:12  Marine, Marauder x2  
  110  15:15  Starport Reactor  
  110  15:16  SCV, Marine  
  110  15:17  Supply Depot, Marine x2  
  115  15:29  Missile Turret  
Show
View Real Time Build Order
Export as new Build Order

Storm Protoss - Winner!

Build Orders: 1 Gate Expand 

Get SALT Encoding   

  12  0:01  Probe (Chrono Boost)  
  13  0:11  Probe (Chrono Boost)  
  14  0:20  Pylon  
  14  0:22  Probe (Chrono Boost)  
  15  0:38  Probe (Chrono Boost)  
  15  0:39  Gateway  
  15  0:41  Assimilator  
  16  0:48  Probe (Chrono Boost)  
  17  0:59  Probe (Chrono Boost)  
  18  1:22  Nexus  
  18  1:23  Probe (Chrono Boost)  
  19  1:35  Cybernetics Core  
  20  1:40  Probe (Chrono Boost)  
  20  1:45  Pylon  
  20  1:50  Probe (Chrono Boost)  
  20  1:54  Assimilator  
  21  2:01  Probe (Chrono Boost)  
  22  2:11  Warp Gate  
  22  2:13  Mothership Core (Chrono Boost)  
  24  2:21  Stalker  
  26  2:26  Pylon  
  26  2:32  Probe (Chrono Boost)  
  26  2:36  Probe (Chrono Boost)  
  28  2:42  Probe (Chrono Boost)  
  29  2:48  Robotics Facility  
  29  2:50  Probe (Chrono Boost)  
  30  3:04  Probe (Chrono Boost)  
  31  3:11  Gateway  
  31  3:25  Stalker  
  32  3:34  Assimilator  
  32  3:36  Observer (Chrono Boost)  
  32  3:38  Assimilator  
  32  3:39  Probe  
  34  3:44  Gateway  
  34  4:15  Observer (Chrono Boost)  
  35  4:22  Pylon  
  35  4:24  Stalker  
  37  4:27  Adept  
  37  4:31  Probe  
  40  4:32  Probe  
  41  4:43  Probe, Forge  
  41  4:44  Probe  
  43  4:54  Probe, Immortal (Chrono Boost)  
  43  4:55  Probe  
  49  5:02  Sentry  
  49  5:05  Probe  
  52  5:07  Probe  
  52  5:11  Pylon  
  53  5:19  Stalker  
  44  5:38  Stalker x2  
  45  5:49  Stalker  
  42  5:58  Immortal (Chrono Boost)  
  42  6:06  Stalker x2  
  44  6:18  Stalker  
  46  6:29  Zealot x2  
  46  6:43  Pylon  
  46  6:44  Pylon  
  46  6:46  Pylon  
  46  6:49  Probe  
  46  6:50  Probe  
  46  6:52  Zealot x2  
  52  6:59  Probe (Chrono Boost)  
  53  7:02  Probe (Chrono Boost)  
  53  7:03  Protoss Ground Armor Level 1  
  54  7:09  Photon Cannon  
  54  7:13  Probe (Chrono Boost)  
  54  7:14  Probe (Chrono Boost)  
  56  7:22  Twilight Council  
  56  7:23  Sentry x2  
  60  7:39  Gateway, Probe (Chrono Boost)  
  60  7:40  Probe (Chrono Boost)  
  60  7:41  Gateway  
  62  7:50  Probe (Chrono Boost)  
  63  8:00  Adept x2  
  67  8:06  Immortal  
  71  8:19  Photon Cannon  
  71  8:22  Photon Cannon  
  71  8:23  Adept x2  
  70  8:47  Adept x2  
  70  8:48  Adept x2  
  68  9:08  Adept x2  
  60  9:20  Adept x2  
  58  9:33  Immortal  
  58  9:34  Adept  
  58  9:35  Adept  
  66  9:42  Mothership Core (Chrono Boost)  
  65  9:52  Probe (Chrono Boost)  
  65  9:56  Adept x4  
  74  10:00  Probe (Chrono Boost)  
  74  10:03  Probe (Chrono Boost)  
  75  10:12  Immortal  
  75  10:13  Gateway  
  79  10:15  Pylon x2  
  79  10:17  Adept x2  
  79  10:18  Adept x2, Photon Cannon  
  87  10:23  Pylon  
  87  10:37  Photon Cannon  
  87  10:44  Sentry x2  
  87  10:45  Nexus  
  87  10:48  Pylon  
  91  10:53  Templar Archives  
  91  10:55  Immortal  
  95  10:58  Stalker  
  97  11:06  Pylon  
  97  11:07  Probe (Chrono Boost)  
  97  11:09  Pylon  
  97  11:10  Protoss Ground Armor Level 2 (Chrono Boost)  
  98  11:14  Dark Shrine  
  98  11:15  Probe (Chrono Boost)  
  99  11:30  Adept x2  
  103  11:34  Observer  
  103  11:36  Adept x2  
  108  11:43  Pylon  
  108  11:48  Probe  
  108  11:50  Probe  
  110  11:58  High Templar x4  
  118  12:02  Archon x2  
  118  12:03  Psionic Storm  
  118  12:04  Adept  
  118  12:05  Assimilator  
  118  12:07  Probe  
  118  12:08  Probe  
  122  12:09  Assimilator  
  122  12:21  Probe  
  124  12:22  Probe  
  124  12:27  High Templar  
  126  12:32  High Templar x3  
  132  13:04  Probe  
  133  13:09  Pylon  
  133  13:11  Pylon  
  133  13:13  Pylon  
  133  13:15  Pylon  
  133  13:17  Pylon  
  133  13:18  Pylon  
  125  13:46  Archon x2  
  111  14:11  High Templar  
  111  14:12  High Templar x4  
  121  14:19  Gateway  
  121  14:21  Gateway  
  121  14:23  Gateway  
  121  14:24  Immortal, Gateway  
  125  14:39  Nexus  
  125  14:40  Pylon  
  125  14:41  Pylon  
  125  14:44  Dark Templar x3  
  125  14:45  Dark Templar  
  133  14:56  Pylon  
  133  15:03  Adept  
  147  15:17  Adept x3  
Tags
 
Add a new tag
Caveats
  • Supply blocks, unpowered buildings, or Contaminate may cause inaccurate times.
  • Supply counts are checked every 10 seconds.